 Dungeon Crawl Stone Soup version 0.31-a0-848-gaac375c287 (webtiles) character file.

Game seed: 3331719343173415179

116 Kurtz the Sneak (level 4, -6/35 HPs)
             Began as a Mummy Delver on Oct 4, 2023.
             Was an Initiate of Okawaru.
             Splashed by a jelly's acid (7 damage)
             ... on level 3 of the Dungeon.
             The game lasted 00:02:54 (2067 turns).

Kurtz the Sneak (Mummy Delver)                      Turns: 2067, Time: 00:02:55

Health: -6/35      AC:  0    Str: 15    XL:     4   Next: 69%
Magic:  13/13      EV: 12    Int:  9    God:    Okawaru [......]
Gold:   129        SH:  0    Dex: 21    Spells: 3/3 levels left

rFire   x . .        a - +0 hand axe
rCold   + . .        (no shield)
rNeg    + + +        b - +0 leather armour
rPois   ∞            (no helmet)
rElec   .            (no cloak)
rCorr   .            (no gloves)
SInv    .            (no boots)
Will    .....        (no amulet)
Stlth   +++          g - ring of magical power
HPRegen 0.25/turn    h - +6 ring of dexterity
MPRegen 0.13/turn

%: faith
@: corroded
A: cold resistance 1, negative energy resistance 3, torment resistance 2, heat
vulnerability 1, in touch with death 1, no potions, faith
a: Renounce Religion


You were on level 3 of the Dungeon.
You worshipped Okawaru.
Okawaru was noncommittal.
You visited 1 branch of the dungeon, and saw 5 of its levels.

You collected 129 gold pieces.

Inventory:

Hand Weapons
 a - a +0 hand axe (weapon)
Missiles
 l - 5 poisoned darts
Armour
 b - a +0 leather armour (worn)
Jewellery
 g - a ring of magical power (left hand)
 h - a +6 ring of dexterity (right hand)
Wands
 f - a wand of digging (3)
Scrolls
 c - 2 scrolls of fog
 d - 2 scrolls of revelation
 e - a scroll of fear
 i - 5 scrolls of identify {unknown}
 j - a scroll of immolation {unknown}
 k - 2 scrolls of enchant weapon {unknown}


   Skills:
 * Level 3.1 Fighting
 * Level 3.8 Axes
 * Level 0.6 Armour
 - Level 1.5 Dodging
 - Level 4.1 Stealth
 * Level 0.3 Invocations


You had 3 spell levels left.
You didn't know any spells.
Your spell library contained the following spells:

 Spells                   Type           Power      Damage    Failure   Level
 Conjure Ball Lightning   Conj/Air       0%         3x3d6     100%        6
 Discord                  Hex            0%         N/A       100%        8
 Disjunction              Tloc           0%         N/A       100%        8


Dungeon Overview and Level Annotations

Branches:
Dungeon (5/15)
 Temple: D:4-7

Altars:
Okawaru

Shops:
D:1 [

Annotations:
D:5 Duvessa


Innate Abilities, Weirdness & Mutations

You are immune to poison.
Your flesh is cold resistant. (rC+)
You are immune to negative energy. (rN+++)
You are immune to unholy pain and torment.
You are vulnerable to heat. (rF-)
You are in touch with the powers of death.
You do not drink.
You have a special connection with the divine. (Faith)


Message History

Found 7 stones.
You see here an adder corpse.
No target in view!
No target in view!
A giant cockroach comes into view.
You see here 7 stones.
A giant cockroach is nearby!
A giant cockroach is nearby!
A jelly comes into view.
The helpless jelly fails to defend itself.
You hit the jelly.
Your hands burn!
The jelly is lightly wounded.
You barely miss the giant cockroach.
The giant cockroach bites you but does no damage.
The jelly barely misses you. The giant cockroach closely misses you.
You hit the jelly.
Your hands burn!
The jelly is lightly wounded.
You closely miss the giant cockroach. The giant cockroach misses you.
The jelly closely misses you.
You completely miss the jelly.
The jelly is lightly wounded.
You hit the giant cockroach. The giant cockroach bites you.
The jelly hits you but does no damage.
You hit the giant cockroach.
You kill the giant cockroach!
Okawaru accepts your kill.
You hit the jelly.
Your hands burn!
The jelly hits you.
You are splashed with acid!
Unknown command.
You hit the jelly.
Your hands burn!
The jelly is severely wounded.
The jelly hits you. The acid corrodes you!
You are splashed with acid!
* * * LOW HITPOINT WARNING * * *
You hit the jelly.
Your hands burn!
* * * LOW HITPOINT WARNING * * *
The jelly is severely wounded.
The jelly hits you.
* * * LOW HITPOINT WARNING * * *
You are splashed with acid!
You die...

..# #.#
############# #.#
##.###.....(.....#
#.#
........########†#
#.# ##.###†@# #.#
#.# #.J#
######.###!###
#..##..............
#..##.#.###.#.#.###
#... ..###.#.#.#
#..# ......#.# #..#
.####..†#.# #...
........#.# # #..
.#####.!#.#


You could see a jelly.

Vanquished Creatures
  Jessica (D:3)
  An adder (D:3)
  A white imp (D:5)
  3 worms (D:2)
  3 dart slugs
  An orc (D:3)
  6 endoplasms
  5 giant cockroaches
  2 goblins (D:2)
  4 hobgoblins
  7 jackals (D:1)
  3 kobolds
  8 ball pythons
  3 bats (D:1)
  2 frilled lizards (D:2)
  6 rats
56 creatures vanquished.

Notes
Turn   | Place    | Note
-------+----------+-------------------------------------------
     0 | D:5      | Kurtz the Mummy Delver began the quest for the Orb.
     0 | D:5      | Reached XP level 1. HP: 18/18 MP: 1/1
     5 | D:5      | Noticed Duvessa
   164 | D:3      | Noticed Jessica
   172 | D:3      | Killed Jessica
   173 | D:3      | Reached XP level 2. HP: 12/24 MP: 2/2
   173 | D:3      | Reached XP level 3. HP: 15/29 MP: 3/3
   808 | D:2      | Found an iron altar of Okawaru.
   967 | D:2      | Became a worshipper of Warmaster Okawaru
   988 | D:1      | Reached XP level 4. HP: 35/35 MP: 4/4
  1356 | D:1      | Found Dacol's Antique Armour Shop.
  2067 | D:3      | HP: 1/35 [jelly (1)]
  2067 | D:3      | Splashed by a jelly's acid

Illustrated notes

Levels and vault maps discovered:
D:1:      heliophobic_arrival_enchanted_forest, layout_basic, serial_shops,
          nicolae_shop_back_alley_shop, serial_park_tiny_2
D:2:      layout_basic, basic_altar, minmay_octomino_e4
D:3:      layout_loops_ring, mainiacjoe_overflow_surrounded_room, serial_shops,
          nicolae_square_shop, shop, uniq_ijyb, uniq_jessica, uniq_grinder
D:4:      layout_cave_pods, serial_shops, nicolae_shop_mannequins
D:5:      layout_loops_cross, minmay_misc_feat_x, uniq_duvessa,
          uniq_crazy_yiuf_cottage

Skill      XL: |  1 |
---------------+----+-----
Axes           | 3 |  3.8
Fighting       | |  3.1
Armour         | |  0.6
Dodging        | |  1.5
Stealth        | |  4.1
Invocations    | |  0.3

Action                     |  1- 3 |  4- 6 || total
---------------------------+-------+-------++-------
  Melee: Hand axe          |   110 |    96 ||   206
         Punch             |       |     1 ||     1
   Stab: Distracted        |     1 |     1 ||     2
         Sleeping          |       |    10 ||    10
 Armour: Leather armour    |    64 |    58 ||   122
  Dodge: Dodged            |    63 |    59 ||   122

Table legend: (Time is in decaauts)
 A = Elapsed time spent in this place.
 B = Non-inter-level travel time spent in this place.
 C = Inter-level travel time spent in this place.
 D = Time resting spent in this place.
 E = Time spent auto-exploring this place.
 F = Levels seen in this place.
 G = Mean time per level.
                   A        B        C        D        E       F      G
               +--------+--------+--------+--------+--------+-----+--------+
         Total |   2093 |   2018 |     75 |    360 |   1005 |   5 |  418.6 |
       Dungeon |   2093 |   2018 |     75 |    360 |   1005 |   5 |  418.6 |
               +--------+--------+--------+--------+--------+-----+--------+

Top non-repeatable levels by time:
     D:2: 888 daAuts
     D:1: 843 daAuts
     D:3: 194 daAuts
     D:5: 152 daAuts
     D:4: 14 daAuts
